 Dungeon Crawl Stone Soup version 0.21.1-1-g345015f (webtiles) character file.

103672 nicolaieve the Severer (level 15, 0/141 HPs)
             Began as a Minotaur Berserker on June 22, 2018.
             Was the Champion of Trog.
             Slain by an alligator (18 damage)
             ... on level 4 of the Swamp.
             The game lasted 02:24:11 (19478 turns).

nicolaieve the Severer (Minotaur Berserker)        Turns: 19478, Time: 02:24:11

Health: 0/141      AC: 19    Str: 31    XL:     15   Next: 89%
Magic:  7/14       EV: 12    Int:  4    God:    Trog [******]
Gold:   2477       SH: 15    Dex: 11    Spells: 14/14 levels left

rFire    . . .     SeeInvis .   I - +6 broad axe (drain)
rCold    + . .     Gourm    +   o - +0 shield
rNeg     + . .     Faith    .   T - +0 swamp dragon scales
rPois    +         Spirit   .   (helmet restricted)
rElec    .         Reflect  .   (no cloak)
rCorr    .         Harm     .   r - +0 pair of gloves
MR       +++..                  a - +1 pair of boots of the New World {rC+ Str+4}
Stlth    ..........             y - amulet of the gourmand
HPRegen  1.33/turn              g - +4 ring of protection
MPRegen  0.14/turn              Q - ring of positive energy

@: berserk cooldown, regenerating, slowed, very slow
A: retaliatory headbutt, horns 2
a: Berserk, Trog's Hand, Brothers in Arms, Burn Spellbooks, Renounce Religion


You were on level 4 of the Swamp.
You worshipped Trog.
Trog was exalted by your worship.
You were hungry.

You visited 4 branches of the dungeon, and saw 21 of its levels.
You also visited: Sewer and Ice Cave.

You collected 2594 gold pieces.
You spent 117 gold pieces at shops.

Inventory:

Hand Weapons
 b - a +6 demon trident
 E - a +8 antimagic broad axe
 H - a +0 flail of holy wrath
 I - a +6 broad axe of draining (weapon)
Armour
 a - the +1 pair of boots of the New World (worn) {rC+ Str+4}
   (You found it on level 2 of the Lair of Beasts)

   It affects your strength (+4).
   It protects you from cold.
 o - a +0 shield (worn)
 r - a +0 pair of gloves (worn)
 T - +0 swamp dragon scales (worn)
 U - a +4 chain mail of fire resistance
Jewellery
 g - a +4 ring of protection (left hand)
 s - a +3 ring of dexterity
 w - a +4 ring of evasion
 y - an amulet of the gourmand (around neck)
 C - an uncursed ring of see invisible
 Q - a ring of positive energy (right hand)
 Z - an uncursed ring of resist corrosion
Wands
 t - a wand of paralysis (26)
 G - a wand of flame (18)
 J - a wand of scattershot (5)
 P - a wand of acid (12)
 S - a wand of iceblast (16)
 Y - a wand of digging (9)
Scrolls
 h - a scroll of blinking {unknown}
 j - 5 scrolls of enchant armour
 k - 2 scrolls of magic mapping {unknown}
 l - 8 scrolls of remove curse
 m - 6 scrolls of fear
 v - a scroll of brand weapon {unknown}
 x - 8 scrolls of teleportation
 D - 2 scrolls of noise {unknown}
 K - 3 scrolls of immolation
 L - 3 scrolls of enchant weapon {unknown}
 M - 2 scrolls of acquirement
 N - a scroll of vulnerability {unknown}
 O - a scroll of summoning {unknown}
 V - 2 scrolls of silence {unknown}
 W - a scroll of random uselessness {unknown}
Potions
 d - 2 potions of ambrosia
 e - 5 potions of mutation
 f - 4 potions of haste
 n - 2 potions of resistance
 p - 4 potions of curing
 q - 2 potions of lignification
 z - a potion of heal wounds
 A - a potion of agility
 F - a potion of might
 X - a potion of cancellation
Comestibles
 c - 44 rations
 i - 2 chunks of flesh


   Skills:
 * Level 15.4 Fighting
 + Level 20.3 Axes
 * Level 13.8 Armour
 - Level 2.1 Dodging
 * Level 15.9 Shields


You had 14 spell levels left.
You didn't know any spells.

Dungeon Overview and Level Annotations

Branches:
Dungeon (9/15)             Temple (0/1) D:5            Lair (6/6) D:8
  Swamp (4/4) Lair:4       Spider (0/4) Lair:3        Slime (0/5) Lair:5
    Orc (2/2) D:9             Elf (0/3) Orc:2

Altars:
Ashenzari
Fedhas
Gozag
Sif Muna
Wu Jian
Xom
The Shining One
Beogh

Shops:
D:4 =?   D:7 =   D:8 [   Orc:2 :}*=


Innate Abilities, Weirdness & Mutations

You reflexively headbutt those who attack you in melee.
You have a pair of horns on your head.


Message History

Unknown command.
You enter the shallow water.
Moving in this stuff is going to be slow.
You escape the reach of the grasping roots.
Your surroundings suddenly seem different.
Splash!
The shambling mangrove reaches out with a gnarled limb.
Grasping roots rise from the ground around the shambling mangrove!
The alligator barely misses you. You furiously retaliate!
You headbutt the alligator!! You block the alligator's attack.
You block the thorn hunter's attack. The thorn hunter barely misses you.
The spriggan rider hits you but does no damage.
The swamp dragon bites you but does no damage.
The swamp dragon claws you but does no damage.
The swamp dragon tramples you but does no damage.
The alligator bites you but does no damage.
The alligator completely misses you. The thorn hunter hits you!
* * * LOW HITPOINT WARNING * * *
The thorn hunter misses you. The alligator bites you!!
You die...

≈≈..≈♣.≈≈≈≈♣
≈..≈./.≈D≈♣ ♣ . ≈♣
♣.§....≈.♣♣§≈≈♣...
...§≈≈≈..≈§≈♣♣♣♣§.≈
.≈≈≈≈≈≈≈≈≈≈≈.≈....≈
≈≈§♣#♣
.≈≈≈≈≈≈≈≈≈≈≈≈..≈≈.♣
..≈≈♣.
...≈≈≈≈≈≈≈≈≈≈if≈♣
...≈≈.
....≈≈≈≈.≈≈t≈≈≈♣♣
≈≈≈..
..≈≈≈f≈...D@≈≈♣♣
..D ♣♣.≈≈≈n≈..f§..♣
♣. ♣≈..≈≈≈≈§≈§≈≈♣
♣♣≈ ♣.≈≈≈≈.§♣♣≈♣
♣♣.≈ ♣♣.≈≈≈≈♣♣ ♣♣
≈.≈≈≈≈ ♣§≈≈≈.
♣.≈≈≈≈ ♣♣..≈.
♣...≈≈ ..≈≈≈ ...≈≈♣
≈≈♣♣♣♣


You could see a thorn hunter, 2 shambling mangroves, an alligator, a six-headed
hydra (wandering), a swamp dragon, a spriggan rider and a bog body.

Vanquished Creatures
  A thorn hunter (Swamp:3)
  An orc warlord (Orc:2)
  Nessos (Orc:2)
  A fire dragon (Lair:6)
  8 hydras
  4 ogre magi (Orc:2)
  4 ghost crabs
  13 two-headed ogres
  6 alligators
  A catoblepas (Lair:6)
  17 death yaks
  Urug (Lair:5)
  A spriggan druid (Swamp:3)
  4 swamp dragons
  A lindwurm (Lair:6)
  Pikel (D:8)
  2 shambling mangroves
  2 orc knights
  7 orc sorcerers
  A cyclops (Orc:2)
  2 black mambas
  6 torpor snails (Lair:6)
  18 spiny frogs
  3 rime drakes (Lair:4)
  4 komodo dragons
  The ghost of Hebeh the Chopper, an amateur DDFi (D:4)
  4 jumping spiders (Lair:3)
  7 tyrant leeches
  16 polar bears
  3 trolls
  17 hornets
  5 slime creatures
  Grinder (D:6)
  3 bog bodies
  8 hippogriffs
  11 blink frogs
  A raiju (Lair:6)
  5 dream sheep (Lair:6)
  9 spriggans
  2 redbacks (Lair:3)
  A shadow (Swamp:3)
  A wyvern (Lair:6)
  34 yaks
  5 basilisks
  25 vampire mosquitoes
  4 insubstantial wisps
  9 wargs
  Duvessa (D:5)
  16 hell hounds (Lair:6)
  17 swamp worms
  6 water moccasins
  5 porcupines
  Purgy (Sewer)
  11 swamp drakes
  22 orc warriors
  12 black bears
  A necrophage (D:8)
  2 ice beasts
  A sky beast (D:9)
  2 slaves (D:8)
  A phantom (D:9)
  3 centaurs
  32 ogres
  33 wolves
  7 crocodiles
  A big kobold (Sewer)
  7 bullfrogs
  A water moccasin skeleton (D:7)
  Dowan (D:5)
  An electric eel (Lair:4)
  2 howler monkeys
  4 crimson imps
  A centaur zombie (D:5)
  2 jellies
  A quasit (D:9)
  5 hounds
  A centaur skeleton (D:5)
  A gnoll shaman (D:9)
  17 orc priests
  14 orc wizards
  A bullfrog skeleton (D:9)
  3 iguanas
  5 worker ants
  3 hound skeletons
  3 gnolls (D:9)
  15 adders
  4 shadow imps
  An ooze (D:2)
  An adder skeleton (D:8)
  2 worms (D:2)
  A dart slug (D:3)
  3 leopard geckos
  80 orcs
  2 ball pythons
  4 bats
  3 giant cockroaches
  8 goblins
  5 hobgoblins
  14 jackals
  4 quokkas
  6 frilled lizards
  4 kobolds
  6 rats
  A bush (Lair:2)
  2 fungi
  4 plants (Lair:6)
699 creatures vanquished.

Vanquished Creatures (others)
  A swamp worm (Swamp:4)
  A swamp drake (Swamp:3)
  2 briar patches (Swamp:3)
  6 fungi
  31 plants
41 creatures vanquished.

Grand Total: 740 creatures vanquished

Notes
Turn   | Place    | Note
-------+----------+-------------------------------------------
     0 | D:1      | nicolaieve the Minotaur Berserker began the quest for the Orb.
     0 | D:1      | Reached XP level 1. HP: 19/19 MP: 0/0
    42 | D:1      | Reached skill level 4 in Axes
   205 | D:1      | Reached XP level 2. HP: 26/26 MP: 1/1
   676 | D:2      | Reached skill level 5 in Axes
   676 | D:2      | Reached XP level 3. HP: 25/31 MP: 2/2
  1080 | D:2      | Reached XP level 4. HP: 37/39 MP: 3/3
  1121 | D:2      | Reached ** piety under Trog
  1121 | D:2      | Reached skill level 6 in Axes
  1122 | D:2      | Reached skill level 1 in Shields
  1685 | D:3      | Reached XP level 5. HP: 41/45 MP: 4/4
  1698 | D:3      | Found a glowing drain.
  1713 | Sewer    | Entered a sewer
  1721 | Sewer    | Noticed Purgy
  1731 | Sewer    | Killed Purgy
  1731 | Sewer    | Reached skill level 7 in Axes
  1860 | Sewer    | Reached XP level 6. HP: 47/51 MP: 5/5
  1902 | D:3      | Reached skill level 8 in Axes
  1925 | D:3      | Found a glowing golden altar of the Shining One.
  2368 | D:4      | Found an opulent altar of Gozag.
  2388 | D:4      | Reached *** piety under Trog
  2397 | D:4      | Noticed Hebeh's ghost (amateur DDFi)
  2459 | D:4      | Killed Hebeh's ghost
  2459 | D:4      | Reached skill level 9 in Axes
  2459 | D:4      | Reached XP level 7. HP: 57/57 MP: 6/6
  2646 | D:4      | Found Deebal's Magic Scroll Boutique.
  2652 | D:4      | Bought a scroll of identify for 26 gold pieces
  2652 | D:4      | Bought a scroll of identify for 26 gold pieces
  2652 | D:4      | Bought a scroll of remove curse for 39 gold pieces
  2652 | D:4      | Bought a scroll of identify for 26 gold pieces
  2955 | D:4      | Found Vyudd's Jewellery Shoppe.
  3098 | D:5      | Entered Level 5 of the Dungeon
  3131 | D:5      | Reached skill level 10 in Axes
  3169 | D:5      | Noticed Duvessa
  3170 | D:5      | Noticed Dowan
  3179 | D:5      | Killed Dowan
  3181 | D:5      | Killed Duvessa
  3181 | D:5      | Reached XP level 8. HP: 66/66 MP: 7/7
  3541 | D:5      | Reached skill level 11 in Axes
  3573 | D:5      | Found a staircase to the Ecumenical Temple.
  3579 | D:5      | Reached skill level 5 in Shields
  3641 | D:6      | Reached **** piety under Trog
  3860 | D:6      | Found a shattered altar of Ashenzari.
  3864 | D:6      | Found an ornate altar of the Wu Jian Council.
  3867 | D:6      | Found a blossoming altar of Fedhas.
  4127 | D:6      | Noticed Grinder
  4132 | D:6      | Paralysed by Grinder for 6 turns
  4142 | D:6      | Killed Grinder
  4142 | D:6      | Reached skill level 12 in Axes
  4142 | D:6      | Reached XP level 9. HP: 59/72 MP: 8/8
  4177 | D:6      | Found a deep blue altar of Sif Muna.
  4508 | D:7      | Found a shimmering altar of Xom.
  4668 | D:7      | Found Xoasaef's Jewellery Shoppe.
  4897 | D:7      | Reached skill level 5 in Fighting
  5307 | D:8      | Found Yzexupt's Antique Armour Boutique.
  5308 | D:8      | Found a staircase to the Lair.
  5477 | D:8      | Noticed Pikel
  5492 | D:8      | Killed Pikel
  5492 | D:8      | Reached skill level 13 in Axes
  5492 | D:8      | Reached skill level 5 in Armour
  5656 | D:8      | Reached ***** piety under Trog
  6225 | Lair:1   | Entered Level 1 of the Lair of Beasts
  6275 | Lair:1   | Noticed a spiny frog
  6281 | Lair:1   | Killed a spiny frog
  6281 | Lair:1   | Reached XP level 10. HP: 44/83 MP: 9/9
  6400 | Lair:1   | Reached skill level 14 in Axes
  6826 | Lair:1   | Noticed a spiny frog
  6832 | Lair:1   | Killed a spiny frog
  6892 | Lair:1   | Noticed a spiny frog
  6904 | Lair:1   | Killed a spiny frog
  7228 | Lair:2   | Reached skill level 15 in Axes
  7426 | Lair:2   | Noticed a spiny frog
  7429 | Lair:2   | Killed a spiny frog
  7679 | Lair:2   | Noticed a spiny frog
  7685 | Lair:2   | Killed a spiny frog
  7685 | Lair:2   | Reached XP level 11. HP: 88/92 MP: 10/10
  7706 | Lair:2   | Got a pair of spiked boots
  7712 | Lair:2   | Identified the +1 pair of boots of the New World {rC+ Str+4} (You found it on level 2 of the Lair of Beasts)
  8099 | Lair:3   | Received a gift from Trog
  8352 | Lair:3   | Reached skill level 16 in Axes
  8521 | Lair:3   | Found a hole to the Spider Nest.
  9161 | Lair:4   | Noticed a death yak
  9172 | Lair:4   | Found a frozen archway.
  9181 | Lair:4   | Killed a death yak
  9190 | IceCv    | Entered an ice cave
  9430 | IceCv    | Reached XP level 12. HP: 89/104 MP: 11/11
  9651 | Lair:4   | Noticed a death yak
  9651 | Lair:4   | Noticed a death yak
  9658 | Lair:4   | Killed a death yak
  9658 | Lair:4   | Reached skill level 10 in Shields
  9659 | Lair:4   | Noticed a death yak
  9659 | Lair:4   | Noticed a death yak
  9659 | Lair:4   | Noticed a death yak
  9667 | Lair:4   | Killed a death yak
  9673 | Lair:4   | Killed a death yak
  9673 | Lair:4   | Reached skill level 17 in Axes
  9684 | Lair:4   | Killed a death yak
  9695 | Lair:4   | Killed a death yak
  9695 | Lair:4   | Reached skill level 10 in Fighting
  9695 | Lair:4   | Reached skill level 10 in Armour
  9918 | Lair:4   | Received a gift from Trog
  9930 | Lair:4   | Noticed a four-headed hydra
  9935 | Lair:4   | Killed a four-headed hydra
 10020 | Lair:4   | Found a staircase to the Swamp.
 10239 | Lair:4   | Identified 3 scrolls of acquirement
 10241 | Lair:4   | Got a twisted battleaxe
 10245 | Lair:5   | Noticed Urug
 10257 | Lair:5   | Killed Urug
 10606 | Lair:5   | Noticed a death yak
 10606 | Lair:5   | Noticed a death yak
 10607 | Lair:5   | Noticed a death yak
 10607 | Lair:5   | Noticed a death yak
 10612 | Lair:5   | Noticed a death yak
 10613 | Lair:5   | Noticed a death yak
 10619 | Lair:5   | Killed a death yak
 10620 | Lair:5   | Killed a death yak
 10621 | Lair:5   | Killed a death yak
 10629 | Lair:5   | Killed a death yak
 10633 | Lair:5   | Killed a death yak
 10633 | Lair:5   | Reached XP level 13. HP: 115/115 MP: 12/12
 10714 | Lair:5   | Reached skill level 18 in Axes
 10881 | Lair:5   | Found a staircase to the Slime Pits.
 11164 | Lair:6   | Entered Level 6 of the Lair of Beasts
 11718 | Lair:6   | Reached ****** piety under Trog
 11904 | Lair:6   | Received a gift from Trog
 11973 | Lair:6   | Reached skill level 19 in Axes
 12155 | Lair:6   | Reached XP level 14. HP: 99/127 MP: 4/13
 12651 | Lair:6   | Found a runed door.
 13650 | D:9      | Found a staircase to the Orcish Mines.
 13660 | D:9      | Received a gift from Trog
 13661 | D:9      | Found a roughly hewn altar of Beogh.
 14119 | Orc:1    | Entered Level 1 of the Orcish Mines
 14725 | Orc:2    | Entered Level 2 of the Orcish Mines
 14764 | Orc:2    | Noticed Nessos
 14776 | Orc:2    | Killed Nessos
 14794 | Orc:2    | Received a gift from Trog
 15541 | Orc:2    | Paralysed by an ogre mage for 3 turns
 15842 | Orc:2    | Found Wirouniun's Gadget Shoppe.
 15842 | Orc:2    | Found Huquff Hopn's Jewellery Boutique.
 15842 | Orc:2    | Found Xestuc's Book Shop.
 15842 | Orc:2    | Found Cupari's General Store.
 15906 | Orc:2    | Received a gift from Trog
 16055 | Orc:2    | Noticed an orc warlord
 16079 | Orc:2    | Killed an orc warlord
 16079 | Orc:2    | Reached skill level 20 in Axes
 16079 | Orc:2    | Reached XP level 15. HP: 138/138 MP: 4/14
 16293 | Orc:2    | Found a staircase to the Elven Halls.
 16647 | Swamp:1  | Entered Level 1 of the Swamp
 18134 | Swamp:3  | Noticed a thorn hunter
 18140 | Swamp:3  | Received a gift from Trog
 18150 | Swamp:3  | Killed a thorn hunter
 18150 | Swamp:3  | Reached skill level 15 in Shields
 18574 | Swamp:3  | Reached skill level 15 in Fighting
 19172 | Swamp:4  | Entered Level 4 of the Swamp
 19292 | Swamp:4  | HP: 5/141 [eight-headed hydra (7)]
 19293 | Swamp:4  | HP: 2/141 [eight-headed hydra (6)]
 19401 | Swamp:4  | Received a gift from Trog
 19455 | Swamp:4  | Noticed a thorn hunter
 19458 | Swamp:4  | HP: 3/141 [thorn hunter/volley of thorns (16)]
 19475 | Swamp:4  | HP: 7/141 [six-headed hydra (10)]
 19478 | Swamp:4  | Slain by an alligator

Skill      XL: |  1  2  3  4  5  6  7  8  9 10 11 12 13 14 15 |
---------------+----------------------------------------------+-----
Axes           | 4 5 6 7 9 10 12 13 15 16 17 19 20 | 20.3
Shields        | 1 2 3 4 5 7 8 9 11 12 14 15 | 15.9
Armour         | 4 5 7 9 11 12 13 | 13.8
Fighting       | 4 5 7 9 10 12 14 15 | 15.4
Dodging        | |  2.1

Action                   |  1- 3 |  4- 6 |  7- 9 | 10-12 | 13-15 || total
-------------------------+-------+-------+-------+-------+-------++-------
Melee: Hand axe          |    64 |   117 |   243 |       |       ||   424
       Headbutt          |     9 |    20 |    74 |   128 |   273 ||   504
       War axe           |       |       |   132 |   490 |   293 ||   915
       Whip              |       |       |       |     3 |    83 ||    86
       Broad axe         |       |       |       |       |   628 ||   628
       Demon trident     |       |       |       |       |    27 ||    27
       Flail             |       |       |       |       |    23 ||    23
Invok: Berserk           |       |     3 |     3 |     9 |    25 ||    40
       Trog's Hand       |       |       |       |     3 |     7 ||    10
       Burn Spellbooks   |       |       |       |     2 |     3 ||     5
Evoke: Wand              |       |       |       |       |     1 ||     1
  Use: Scroll            |       |       |    12 |     7 |     8 ||    27
       Potion            |       |       |       |     1 |    10 ||    11
 Stab: Sleeping          |       |     1 |       |       |       ||     1
       Distracted        |       |       |     1 |       |       ||     1
       Confused          |       |       |       |       |     2 ||     2
  Eat: Chunk             |       |     7 |    28 |    23 |    49 ||   107
Armor: Animal skin       |     2 |       |       |       |       ||     2
       Ring mail         |    17 |    30 |       |       |       ||    47
       Chain mail        |       |     6 |    78 |   121 |   229 ||   434
       Swamp dragon scal |       |       |       |       |   167 ||   167
Dodge: Dodged            |    35 |    37 |    92 |   155 |   386 ||   705
Block: Shield            |     8 |    59 |   140 |   260 |   727 ||  1194
